 Dungeon Crawl Stone Soup version 0.21-a0-404-g291f19a (webtiles) character file.

218 tof the Twirler (level 5, -1/45 HPs)
             Began as a Minotaur Gladiator on Oct 26, 2017.
             Slain by an orc
             ... wielding a +1 whip of electrocution
              (16 damage)
             ... on level 4 of the Dungeon.
             The game lasted 00:04:53 (4225 turns).

tof the Twirler (Minotaur Gladiator)                Turns: 4225, Time: 00:04:54

Health: -1/45      AC: 12    Str: 18    XL:     5   Next: 63%
Magic:  4/4        EV:  9    Int:  5    God:
Gold:   105        SH:  0    Dex: 13    Spells: 4/4 levels left

rFire    . . .     SeeInvis .   a - +0 quarterstaff
rCold    . . .     Gourm    .   (shield currently unavailable)
rNeg     . . .     Faith    .   A - +0 chain mail
rPois    .         Spirit   .   c - +0 hat
rElec    .         Reflect  .   (no cloak)
rCorr    .         Harm     .   g - +2 pair of gloves
MR       .....                  (no boots)
Stlth    ..........             s - amulet of magic regeneration
HPRegen  0.15/turn              p - ring of loudness (curse)
MPRegen  0.34/turn              (no ring)

@: no status effects
A: retaliatory headbutt, horns 2
a: no special abilities


You were on level 4 of the Dungeon.
You were not hungry.

You visited 1 branch of the dungeon, and saw 4 of its levels.

You collected 105 gold pieces.

Inventory:

Hand Weapons
 a - a +0 quarterstaff (weapon)
Missiles
 d - 3 throwing nets
 n - 50 poisoned needles
 y - 8 tomahawks (quivered)
Armour
 b - a +0 leather armour
 c - a +0 hat (worn)
 g - a +2 pair of gloves (worn)
 A - a +0 chain mail (worn)
Jewellery
 p - a cursed ring of loudness (left hand)
 s - an amulet of magic regeneration (around neck)
Wands
 k - a wand of iceblast (7/15)
Scrolls
 h - a scroll of remove curse
 i - a scroll of amnesia
 q - a scroll of magic mapping
 t - a scroll of random uselessness {unknown}
 v - a scroll of teleportation {unknown}
Potions
 e - a potion of haste {unknown}
 j - 2 potions of degeneration {unknown}
 l - a potion of heal wounds {unknown}
 m - 2 potions of curing {unknown}
 r - a potion of lignification {unknown}
 u - 2 potions of magic {unknown}
 w - 2 potions of mutation {unknown}
Comestibles
 f - a bread ration
 o - 3 meat rations


   Skills:
 + Level 3.3 Fighting
 * Level 5.2 Staves
 + Level 2.8 Throwing
 * Level 3.4 Armour
 + Level 4.0 Dodging


You had 4 spell levels left.
You didn't know any spells.

Dungeon Overview and Level Annotations

Branches:
Dungeon (4/15)
 Temple: D:4-7

Altars:
Ashenzari
Hepliaklqana
Zin

Annotations:
D:4 Menkaure


Innate Abilities, Weirdness & Mutations

You reflexively headbutt those who attack you in melee.
You have a pair of horns on your head.


Message History

The orc is lightly wounded.
The orc barely misses you.
You hit the orc. Your headbutt misses the orc.
The orc is almost dead.
The orc hits you but does no damage.
You are electrocuted!
An orc comes into view. It is wielding a mace.
You closely miss the orc. You completely miss the orc. You headbutt the orc.
The orc is heavily wounded.
The orc hits you with a hand axe.
You sock the orc!
You kill the orc!
The orc priest invokes the aid of Beogh against you.
Beogh smites you!
Menkaure, Prince of Dust comes into view.
You closely miss the orc.
The orc is almost dead.
Menkaure moves out of view.
The orc hits you but does no damage.
You are electrocuted!
You die...

.........#
.........#
.........#
.........#
...o.....#
.o....oo.#
#o# #o#
#@# #.#
#<# #.#
..# ####


You could see an orc priest and 3 orcs.

Vanquished Creatures
  2 orc priests (D:3)
  An iguana (D:4)
  An orc wizard (D:3)
  2 adders
  3 worms (D:3)
  A dart slug (D:1)
  A leopard gecko (D:3)
  12 orcs
  7 bats
  A giant cockroach (D:2)
  9 hobgoblins
  5 jackals (D:3)
  2 quokkas (D:2)
  9 frilled lizards
  4 goblins
  5 kobolds
  8 rats
73 creatures vanquished.

Notes
Turn   | Place    | Note
-------+----------+-------------------------------------------
     0 | D:1      | tof the Minotaur Gladiator began the quest for the Orb.
     0 | D:1      | Reached XP level 1. HP: 18/18 MP: 0/0
    88 | D:1      | Reached XP level 2. HP: 19/25 MP: 1/1
   137 | D:1      | Reached skill level 1 in Armour
   542 | D:1      | Reached skill level 4 in Staves
  1280 | D:2      | Reached XP level 3. HP: 28/30 MP: 2/2
  2361 | D:3      | Reached XP level 4. HP: 34/37 MP: 3/3
  2986 | D:3      | Reached XP level 5. HP: 8/45 MP: 4/4
  3251 | D:3      | Reached skill level 5 in Staves
  3851 | D:3      | Found a shattered altar of Ashenzari.
  3924 | D:3      | Found a glowing silver altar of Zin.
  4118 | D:3      | Found a hazy altar of Hepliaklqana.
  4225 | D:4      | Noticed Menkaure
  4225 | D:4      | Slain by an orc

Vault maps used:
D:1:      dpeg_arrival_oval, hangedman_decor_push, minmay_misc_feat_tower
D:3:      zin_academy, lemuel_crystal_altar, nicolae_overflow_hidden_temple
D:4:      first_bread, uniq_menkaure

Skill      XL: |  1  2  3  4  5 |
---------------+----------------+-----
Armour         | 1 2 3 |  3.4
Staves         | 4 5 |  5.2
Fighting       | 3 |  3.3
Dodging        | 4 |  4.0
Throwing       | |  2.8

Action                   |  1- 3 |  4- 6 || total
-------------------------+-------+-------++-------
Melee: Quarterstaff      |    58 |    99 ||   157
       Headbutt          |     4 |     8 ||    12
  Use: Scroll            |       |     5 ||     5
  Eat: Chunk             |     4 |     3 ||     7
       Bread ration      |       |     1 ||     1
Armor: Leather armour    |    15 |    13 ||    28
       Chain mail        |       |    10 ||    10
Dodge: Dodged            |    37 |    64 ||   101

Table legend:
 A = Spawn XP
 B = Non-spawn XP
 C = Spawn XP percentage of total XP
 D = Spawn monster count
 E = Non-spawn monster count
 F = Spawn count percentage of total count
 G = Total turns spent on level
                    A         B        C        D         E        F      G
               +---------+---------+-------+---------+---------+-------+---------
         Total |       0 |     312 |   0.0 |       0 |      73 |   0.0 |  4225
               +---------+---------+-------+---------+---------+-------+---------
           D:1 |       0 |      36 |   0.0 |       0 |      23 |   0.0 |  1262
           D:2 |       0 |      41 |   0.0 |       0 |      16 |   0.0 |  1747
           D:3 |       0 |     195 |   0.0 |       0 |      32 |   0.0 |  1190
           D:4 |       0 |      40 |   0.0 |       0 |       2 |   0.0 |    26
               +---------+---------+-------+---------+---------+-------+---------
